 Dungeon Crawl Stone Soup version 0.26-a0-958-gf3041fb45f (webtiles) character file.

Game seed: 16590330610288969221

16814 mhtbhm the Stickfighter (level 12, -1/110 HPs)
             Began as a Minotaur Gladiator on Dec 1, 2020.
             Was a High Priest of Okawaru.
             Slain by a komodo dragon (23 damage)
             ... on level 9 of the Dungeon.
             The game lasted 00:16:26 (14169 turns).

mhtbhm the Stickfighter (Minotaur Gladiator)       Turns: 14169, Time: 00:16:26

Health: -1/110     AC: 11    Str: 34    XL:     12   Next: 13%
Magic:  11/11      EV: 16    Int:  5    God:    Okawaru [*****.]
Gold:   772        SH:  0    Dex: 14    Spells: 11/11 levels left

rFire    . . .     SeeInvis .   a - +0 quarterstaff
rCold    . . .     Faith    .   (shield currently unavailable)
rNeg     . . .     Spirit   .   b - +0 swamp dragon scales
rPois    +         Reflect  .   c - +0 hat
rElec    .         Harm     .   (no cloak)
rCorr    .         Rampage  .   N - +0 pair of gloves
MR       .....                  (no boots)
Stlth    ++........             v - amulet of the acrobat
HPRegen  0.28/turn              k - +6 ring of strength
MPRegen  0.12/turn              t - +6 ring of strength

@: no status effects
A: retaliatory headbutt, horns 2
a: Heroism, Finesse, Renounce Religion


You were on level 9 of the Dungeon.
You worshipped Okawaru.
Okawaru was extremely pleased with you.
You visited 3 branches of the dungeon, and saw 14 of its levels.

You collected 772 gold pieces.

Inventory:

Hand Weapons
 a - a +0 quarterstaff (weapon)
Missiles
 d - a throwing net
 D - 9 javelins (quivered)
 M - 6 curare-tipped darts
Armour
 b - +0 swamp dragon scales (worn)
 c - a +0 hat (worn)
 N - a +0 pair of gloves (worn)
Jewellery
 k - a +6 ring of strength (left hand)
 t - a +6 ring of strength (right hand)
 v - an amulet of the acrobat (around neck)
 y - a +4 ring of protection
 J - an uncursed ring of protection from cold
Wands
 w - a wand of paralysis (6)
 G - a wand of digging (5)
 K - a wand of random effects (22)
Scrolls
 e - a scroll of fog
 g - 7 scrolls of remove curse
 i - a scroll of enchant weapon
 m - 2 scrolls of amnesia
 q - 2 scrolls of magic mapping
 s - 4 scrolls of fear
 u - 2 scrolls of blinking
 z - a scroll of immolation {unknown}
 E - a scroll of brand weapon
 P - a scroll of enchant armour {unknown}
Potions
 f - 2 potions of heal wounds
 j - a potion of haste
 l - 3 potions of brilliance
 n - a potion of magic
 o - 3 potions of attraction
 p - a potion of resistance
 r - a potion of cancellation {unknown}
 A - a potion of invisibility
 B - a potion of ambrosia
 C - 2 potions of lignification {unknown}
 F - a potion of flight {unknown}
 H - 2 potions of curing {unknown}
 I - 2 potions of mutation {unknown}
Miscellaneous
 L - a tin of tremorstones (inert)


   Skills:
 + Level 11.5 Fighting
 - Level 15.2 Staves
 + Level 2.6 Throwing
 + Level 10.7 Armour
 + Level 7.2 Dodging
 - Level 3.4 Stealth
 + Level 0.7 Invocations
 + Level 0.9 Evocations


You had 11 spell levels left.
You didn't know any spells.
Your spell library contained the following spells:

 Spells                   Type           Power        Failure   Level
 Sandblast                Erth           #.....       56%         1
 Passwall                 Tmut/Erth      #.......     71%         2
 Stone Arrow              Conj/Erth      #.....       90%         3
 Petrify                  Tmut/Erth      #.......     100%        4
 Lee's Rapid Deconstruct  Erth           #.........   100%        5


Dungeon Overview and Level Annotations

Branches:
Dungeon (12/15)            Temple (1/1) D:5            Lair (1/6) D:9
    Orc (0/2) D:9

Altars:
Cheibriados
Dithmenos
Kikubaaqudgha
Makhleb
Okawaru
Qazlal
Ru
Sif Muna
Trog
Wu Jian
The Shining One
Beogh

Shops:
D:6 *


Innate Abilities, Weirdness & Mutations

You reflexively headbutt those who attack you in melee.
You have a pair of horns on your head.


Message History

You hit the komodo dragon.
The komodo dragon is almost dead.
The komodo dragon misses you.
You hit the komodo dragon but do no damage.
You headbutt the komodo dragon.
You kill the komodo dragon!
Okawaru accepts your kill. The komodo dragon bites you!!
* * * LOW HITPOINT WARNING * * *
Unknown command.
You bludgeon the komodo dragon!! You headbutt the komodo dragon.
The komodo dragon is heavily wounded.
You sock the komodo dragon! Your headbutt misses the komodo dragon.
The komodo dragon is severely wounded.
The komodo dragon bites you!
* * * LOW HITPOINT WARNING * * *
You closely miss the komodo dragon.
The komodo dragon is severely wounded.
The komodo dragon bites you!!
You die...

#....#..#######'####
###+......###...# #####
##....P.P.P.#'##### ....#
#.....PP.P........# ....#
##...P=..PP.P......#
....#####.....P.P)P........#
....##........#'##.P.P.....#
)...##.#......#[l#.........#
....#.)##.....#.@#...P.....#
......###P....####..P......#
....### #.(P...PP...P.P....#
##### ##....P............#
#.P.P.P....P......#
##...P..P...#†#####
###.P....###.# ####
##.#.#####..# ...# #....#
#.##


You could see a komodo dragon.

Vanquished Creatures
  A boulder beetle (D:11)
  A centaur warrior (D:11)
  2 two-headed ogres
  Urug (D:10)
  Sonja (D:10)
  An unseen horror (D:11)
  An ugly thing (D:11)
  A deep elf mage (D:7)
  A cyclops (D:9)
  Maggie (D:9)
  3 komodo dragons
  3 trolls (D:11)
  A vampire (D:8)
  A wyvern (D:10)
  17 yaks
  A basilisk (D:11)
  A wraith (D:10)
  A water moccasin (D:11)
  2 black bears
  6 orc warriors
  A hornet zombie (D:8)
  An ice beast (D:5)
  4 sky beasts
  2 phantoms
  10 centaurs
  7 ogres
  6 big kobolds
  3 bullfrogs
  A wyvern zombie (D:10)
  7 scorpions
  7 wights
  2 bullfrog zombies
  2 jellies
  3 centaur zombies
  13 hounds
  7 orc priests
  A centaur skeleton (D:12)
  4 bullfrog skeletons
  13 iguanas
  9 orc wizards
  9 worker ants
  A hound zombie (D:10)
  A hound skeleton (D:11)
  3 gnolls (D:8)
  A howler monkey skeleton (D:8)
  12 adders
  4 shadow imps
  A white imp (D:9)
  2 ufetubi
  4 oozes
  An adder zombie (D:8)
  2 adder skeletons (D:9)
  A worm (D:4)
  4 dart slugs
  3 leopard geckos
  70 orcs
  A ball python (D:5)
  3 giant cockroaches
  7 hobgoblins
  12 quokkas
  11 bats
  4 frilled lizards
  14 goblins
  27 kobolds
  A leopard gecko skeleton (D:5)
  A leopard gecko zombie (D:5)
  2 quokka zombies (D:6)
  8 rats
360 creatures vanquished.

Vanquished Creatures (others)
  A kobold (D:11)
  5 fungi (D:9)
  10 plants (D:9)
  4 toadstools (D:1)
  12 withered plants (D:8)
32 creatures vanquished.

Grand Total: 392 creatures vanquished

Notes
Turn   | Place    | Note
-------+----------+-------------------------------------------
     0 | D:1      | mhtbhm the Minotaur Gladiator began the quest for the Orb.
     0 | D:1      | Reached XP level 1. HP: 18/18 MP: 0/0
    74 | D:1      | Reached skill level 4 in Staves
    74 | D:1      | Reached XP level 2. HP: 23/25 MP: 1/1
   243 | D:1      | Reached XP level 3. HP: 27/30 MP: 2/2
  1013 | D:2      | Noticed an ogre
  1020 | D:2      | Killed an ogre
  1021 | D:2      | Reached skill level 5 in Staves
  1021 | D:2      | Reached skill level 1 in Armour
  1021 | D:2      | Reached XP level 4. HP: 25/37 MP: 3/3
  1021 | D:2      | Reached XP level 5. HP: 30/44 MP: 4/4
  1724 | D:3      | Reached skill level 6 in Staves
  2099 | D:3      | Reached XP level 6. HP: 48/51 MP: 5/5
  2225 | D:3      | Found a burning altar of Makhleb.
  2949 | D:4      | Reached skill level 7 in Staves
  2955 | D:4      | Reached XP level 7. HP: 40/58 MP: 6/6
  3050 | D:4      | Found a glowing golden altar of the Shining One.
  3450 | D:4      | Found a bloodstained altar of Trog.
  3702 | D:5      | Entered Level 5 of the Dungeon
  3920 | D:5      | Reached skill level 8 in Staves
  3947 | D:5      | Found an ornate altar of the Wu Jian Council.
  3965 | D:5      | Reached skill level 5 in Dodging
  4126 | D:5      | Reached XP level 8. HP: 44/67 MP: 7/7
  4261 | D:5      | Found a shadowy altar of Dithmenos.
  4475 | D:5      | Found a staircase to the Ecumenical Temple.
  4533 | D:5      | Reached skill level 5 in Fighting
  4538 | Temple   | Entered the Ecumenical Temple
  4554 | Temple   | Became a worshipper of Warmaster Okawaru
  4601 | D:5      | Reached skill level 5 in Armour
  4961 | D:6      | Found Qaikuxt's General Store.
  4976 | D:6      | Reached skill level 9 in Staves
  5113 | D:6      | Reached * piety under Okawaru
  5384 | D:6      | Reached skill level 10 in Staves
  5913 | D:6      | Got a dazzling leather armour
  5919 | D:6      | Identified the +2 leather armour of Fedhas's Grace {Int+4}
                  | (You found it on level 6 of the Dungeon)
  5951 | D:7      | Noticed a deep elf mage
  5965 | D:7      | Killed a deep elf mage
  5966 | D:7      | Reached skill level 1 in Stealth
  5966 | D:7      | Reached XP level 9. HP: 78/78 MP: 8/8
  6417 | D:7      | Reached ** piety under Okawaru
  6741 | D:8      | Reached skill level 11 in Staves
  7218 | D:8      | Reached skill level 12 in Staves
  7324 | D:8      | Noticed a two-headed ogre
  7326 | D:8      | Found an ancient bone altar of Kikubaaqudgha.
  7349 | D:8      | Reached *** piety under Okawaru
  7351 | D:8      | Reached XP level 10. HP: 88/88 MP: 9/9
  7357 | D:8      | Killed a two-headed ogre
  7996 | D:9      | Found a shimmering blue altar of Sif Muna.
  7997 | D:9      | Noticed a cyclops
  8010 | D:9      | Killed a cyclops
  8015 | D:9      | Found a stormy altar of Qazlal.
  8053 | D:9      | Reached skill level 13 in Staves
  8057 | D:9      | Reached **** piety under Okawaru
  8472 | D:9      | Found a staircase to the Orcish Mines.
  8537 | D:9      | Noticed Maggie
  8547 | D:9      | Killed Maggie
  8616 | D:9      | Found a sacrificial altar of Ru.
  8731 | D:9      | You fall into a shaft and drop 3 floors!
 10128 | D:11     | Noticed a purple ugly thing
 10136 | D:11     | Killed a purple ugly thing
 10137 | D:11     | Reached XP level 11. HP: 90/99 MP: 10/10
 10158 | D:11     | Noticed a centaur warrior
 10159 | D:11     | Noticed a boulder beetle
 10584 | D:11     | Killed an unseen horror
 10584 | D:11     | Reached ***** piety under Okawaru
 10585 | D:11     | Reached skill level 14 in Staves
 10987 | D:11     | Killed a boulder beetle
 10988 | D:11     | Reached skill level 10 in Fighting
 10991 | D:11     | Killed a centaur warrior
 10991 | D:11     | Received a gift from Okawaru
 12306 | D:10     | Entered Level 10 of the Dungeon
 12390 | D:10     | Noticed Sonja
 12403 | D:10     | Killed Sonja
 12404 | D:10     | Reached skill level 10 in Armour
 12431 | D:10     | Reached skill level 15 in Staves
 12566 | D:10     | Noticed a two-headed ogre
 12578 | D:10     | Killed a two-headed ogre
 12618 | D:10     | Noticed Urug
 13024 | D:10     | Killed Urug
 13439 | D:10     | Reached XP level 12. HP: 102/110 MP: 11/11
 13653 | D:9      | Got a pitted ring mail
 13659 | D:9      | Identified the cursed +1 ring mail of the Unbroken {rF-
                  | Regen+ rCorr Str+4} (You found it on level 9 of the
                  | Dungeon)
 13767 | D:9      | Found a roughly hewn altar of Beogh.
 13949 | D:9      | Found a staircase to the Lair.
 14152 | Lair:1   | Entered Level 1 of the Lair of Beasts
 14169 | D:9      | Slain by a komodo dragon

Illustrated notes

Levels and vault maps discovered:
D:1:      ldierk_walled_garden_2, layout_basic
D:2:      layout_basic
D:3:      layout_rooms, makhleb_blood_cavern_becter
D:4:      layout_basic, nicolae_overflow_crystal_walls,
          nicolae_overflow_hidden_temple, st_stairs_4
D:5:      layout_cave_pods, grunt_dithmenos_shadows, minmay_temple_entry_tees,
          lemuel_altar_in_water
D:6:      layout_loops_cross, serial_shops, shop, minmay_ogre_servants
D:7:      layout_rooms
D:8:      layout_loops_ring, kiku_gazebo_garden_becter, minmay_microvault
D:9:      layout_roguey, nicolae_ru_awakened_eye, grunt_temple_overflow_open,
          grunt_lair_entry_orc_guard_hut, special_room [special_room_orc],
          uniq_maggie
D:10:     layout_rooms, uniq_sonja, uniq_urug
D:11:     layout_loops_corners
D:12:     layout_basic, corner_web_ring
Temple:   bh_familiar_temple
Lair:1:   layout_cave_shapes, st_stairs_6, serial_bayou_pond_a,
          beast_lair_carwin_3, infiniplex_staircase_pool_2

Skill      XL: |  1  2  3  4  5  6  7  8  9 10 11 |
---------------+----------------------------------+-----
Staves         | 4 5 6 7 8 10 12 13 15 | 15.2
Armour         | 1 2 3 4 6 7 8 10 | 10.7
Dodging        | 4 5 6 7 |  7.2
Fighting       | 3 4 6 8 9 11 | 11.5
Stealth        | 1 3 |  3.4
Throwing       | |  2.6
Invocations    | |  0.7
Evocations     | |  0.9

Action                   |  1- 3 |  4- 6 |  7- 9 | 10-12 || total
-------------------------+-------+-------+-------+-------++-------
Melee: Quarterstaff      |    63 |   107 |   302 |   410 ||   882
       Headbutt          |    12 |    23 |    85 |   125 ||   245
Throw: Throwing net      |       |       |       |     3 ||     3
Invok: Heroism           |       |       |       |     2 ||     2
Evoke: Wand              |       |       |       |     4 ||     4
       Tin of tremorston |       |       |       |     2 ||     2
  Use: Scroll            |     5 |     5 |     5 |    11 ||    26
       Potion            |       |       |     1 |     4 ||     5
 Stab: Paralysed         |       |       |       |     1 ||     1
       Invisible         |       |       |       |     2 ||     2
       Distracted        |       |       |       |     1 ||     1
Armor: Leather armour    |    20 |       |       |       ||    20
       Chain mail        |     2 |    53 |    23 |       ||    78
       Scale mail        |       |       |    54 |    12 ||    66
       Swamp dragon scal |       |       |       |    46 ||    46
Dodge: Dodged            |    51 |    49 |   166 |   265 ||   531

Table legend: (Time is in decaauts)
 A = Elapsed time spent in this place.
 B = Non-inter-level travel time spent in this place.
 C = Inter-level travel time spent in this place.
 D = Time resting spent in this place.
 E = Time spent auto-exploring this place.
 F = Levels seen in this place.
 G = Mean time per level.
                   A        B        C        D        E       F      G
               +--------+--------+--------+--------+--------+-----+--------+
         Total |  13946 |  13862 |     84 |   4405 |   7074 |  14 |  996.1 |
       Dungeon |  13907 |  13823 |     84 |   4405 |   7063 |  12 | 1158.9 |
        Temple |     28 |     28 |      0 |      0 |     10 |   1 |   28.0 |
          Lair |     10 |     10 |      0 |      0 |      1 |   1 |   10.0 |
               +--------+--------+--------+--------+--------+-----+--------+

Top non-repeatable levels by time:
    D:11: 2567 daAuts
     D:9: 1543 daAuts
    D:12: 1347 daAuts
     D:5: 1155 daAuts
     D:2: 1121 daAuts
     D:4: 1101 daAuts
     D:6: 1046 daAuts
     D:3: 951 daAuts
    D:10: 889 daAuts
     D:8: 882 daAuts
     D:7: 766 daAuts
     D:1: 534 daAuts
  Temple: 28 daAuts
  Lair:1: 10 daAuts
